[Event "Titled Tuesday Blitz September 14 2021"]
[White "Seliverstov, Vladimir"]
[Black "Zhigalko, Sergei"]
[WhiteFideId "4192036"]
[BlackFideId "13502956"]
[WhiteElo "2489"]
[BlackElo "2662"]
[Result "0-1"]
[Round "04"]
[TimeControl "180+1"]
[Date "2021.09.15"]
[WhiteClock "0:00:35"]
[BlackClock "0:00:29"]

1. c4 e5 2. g3 Nf6 3. Bg2 c6 4. d4 exd4 5. Qxd4 Na6 6. Nc3 Bc5 7. Qd2 O-O 8. Nh3 Re8 9. Nf4 Bf8 10. O-O Nc5 11. b3 a5 12. Qc2 d6 13. Bb2 Qb6 14. Rab1 Nfd7 15. Ne4 h6 16. Rfd1 Nxe4 17. Bxe4 Nc5 18. Bf3 Bd7 19. Nh5 Qd8 20. Rd4 Ne6 21. Rd2 Ng5 22. Bg2 Nh3+ 23. Kf1 Qg5 24. Nf4 Nxf4 25. gxf4 Qxf4 26. Kg1 Bf5 27. e4 Bxe4 28. Bxe4 Rxe4 29. Rd3 Qf5 30. Qc3 Re2 0-1


[Site "https://www.chess.com"]

[Event "Titled Tuesday Blitz September 14 2021"]
[White "Sviridov_Valery"]
[Black "Yanchenko, Roman"]
[BlackFideId "4137329"]
[WhiteElo "2957"]
[BlackElo "2514"]
[Result "1-0"]
[Round "04"]
[TimeControl "180+1"]
[Date "2021.09.15"]
[WhiteClock "0:01:36"]
[BlackClock "0:01:20"]

1. Nf3 d5 2. g3 Nf6 3. Bg2 Bf5 4. O-O e6 5. c4 c6 6. cxd5 cxd5 7. d3 Nc6 8. Nc3 Be7 9. Qb3 Qb6 10. Qxb6 axb6 11. Bd2 O-O 12. Nb5 Rfc8 13. a3 Bg4 14. b4 Bxf3 15. Bxf3 Nd7 16. Rfc1 Bf6 17. Rab1 Nd4 18. Rxc8+ Rxc8 19. Nxd4 Bxd4 20. e3 Bf6 21. Rc1 Rxc1+ 22. Bxc1 Ne5 23. Be2 Nc6 24. Bd2 Bb2 25. a4 Ba3 26. b5 Ne5 27. f4 Nd7 28. Kf2 f5 29. Bd1 Kf7 30. h3 g6 31. g4 Bc5 32. d4 Be7 33. g5 Bf8 34. h4 Bd6 35. h5 Be7 36. h6 Bd6 37. Ke2 Be7 38. Kd3 Bd6 39. Kc2 Be7 40. Kb3 Bd6 41. Be2 Be7 42. Bb4 Bf8 43. Bxf8 Kxf8 44. Kb4 Kf7 45. a5 Ke7 46. a6 1-0


[Site "https://www.chess.com"]

[Event "Titled Tuesday Blitz September 14 2021"]
[White "Szpar, Milosz"]
[Black "Khusnutdinov, Rustam"]
[WhiteFideId "1184989"]
[BlackFideId "13701703"]
[WhiteElo "2282"]
[BlackElo "2571"]
[Result "0-1"]
[Round "04"]
[TimeControl "180+1"]
[Date "2021.09.15"]
[WhiteClock "0:00:23"]
[BlackClock "0:00:43"]

1. e4 e5 2. Nf3 Nf6 3. d4 Nxe4 4. Bd3 d5 5. Nxe5 Nd7 6. Nxd7 Bxd7 7. O-O Bd6 8. Qh5 Nf6 9. Re1+ Kf8 10. Qh4 Ng4 11. Qxd8+ Rxd8 12. h3 Nf6 13. Bg5 Be7 14. Nd2 c6 15. c3 Be6 16. Nf3 Ne8 17. Bxe7+ Kxe7 18. Ng5 Kf6 19. Nxe6 fxe6 20. Re3 Nd6 21. Rae1 Rde8 22. Rf3+ Ke7 23. Rg3 g6 24. Rge3 Kf6 25. g3 Re7 26. Kg2 Rhe8 27. f4 b5 28. g4 a6 29. Kg3 Nb7 30. h4 c5 31. h5 gxh5 32. g5+ Kf7 33. Kh4 cxd4 34. cxd4 Nd8 35. Kxh5 Nc6 36. Bxh7 Kg7 37. Bb1 Nxd4 38. Kg4 Rh8 39. Re5 Kf7 0-1


[Site "https://www.chess.com"]

[Event "Titled Tuesday Blitz September 14 2021"]
[White "Turayev, Shahruh"]
[Black "Moroni, Luca Jr"]
[WhiteFideId "14003856"]
[BlackFideId "865834"]
[WhiteElo "2522"]
[BlackElo "2491"]
[Result "0-1"]
[Round "04"]
[TimeControl "180+1"]
[Date "2021.09.15"]
[WhiteClock "0:00:13"]
[BlackClock "0:00:12"]

1. e4 g6 2. Nc3 Bg7 3. d4 d6 4. Be3 Nf6 5. f3 O-O 6. Qd2 e5 7. dxe5 dxe5 8. O-O-O Qxd2+ 9. Rxd2 Be6 10. Bb5 c6 11. Ba4 Na6 12. Nge2 Nc7 13. Rhd1 Rfe8 14. g4 Bf8 15. Bb3 Bxb3 16. axb3 Ne6 17. h4 Bc5 18. Bxc5 Nxc5 19. b4 Ne6 20. g5 Nh5 21. Rd7 Rab8 22. Na4 Red8 23. c3 Rxd7 24. Rxd7 Kf8 25. Nc5 Nxc5 26. bxc5 Ke8 27. Rd3 Rd8 28. Kc2 Rxd3 29. Kxd3 Ke7 30. b4 f6 31. Ke3 fxg5 32. hxg5 Ng7 33. f4 Ne6 34. fxe5 Nxg5 35. Kf4 Ne6+ 36. Kg4 b6 37. cxb6 axb6 38. Nd4 c5 39. Nb5 cxb4 40. cxb4 Kd7 41. Nd6 Nc7 42. Kg5 Ke6 43. Nc8 b5 44. Kh6 Kxe5 45. Kxh7 g5 46. Ne7 g4 47. Nf5 Kxe4 48. Nh4 Nd5 49. Kg6 Kf4 50. Kf7 Nxb4 51. Ke6 Na6 52. Kd5 b4 53. Kc4 g3 54. Kb3 Ke3 55. Nf5+ Kf2 56. Nxg3 Kxg3 57. Kc4 Kf4 58. Kb3 Ke3 59. Kc4 Kd2 60. Kb3 Kd3 61. Kb2 Kc4 62. Kc2 b3+ 63. Kb2 Kb4 64. Kb1 Kc3 65. Ka1 b2+ 66. Kb1 Nc5 67. Ka2 Kc2 68. Ka3 Ne6 69. Kb4 b1=Q+ 70. Kc4 Qb3# 0-1


[Site "https://www.chess.com"]

[Event "Titled Tuesday Blitz September 14 2021"]
[White "Vitiugov, Nikita"]
[Black "Iliaguev, Nisim"]
[WhiteFideId "4152956"]
[BlackFideId "2817276"]
[WhiteElo "2673"]
[BlackElo "2134"]
[Result "1-0"]
[Round "04"]
[TimeControl "180+1"]
[Date "2021.09.15"]
[WhiteClock "0:00:43"]
[BlackClock "0:00:45"]

1. c4 c5 2. b3 Nc6 3. Bb2 Nf6 4. g3 e6 5. Bg2 Be7 6. Nh3 O-O 7. Nf4 d5 8. cxd5 exd5 9. O-O Bg4 10. Nc3 d4 11. Na4 Rc8 12. h3 Bf5 13. Rc1 b6 14. e3 Qd7 15. Re1 Rfe8 16. e4 Be6 17. d3 Nb4 18. a3 Nc6 19. Ba1 Na5 20. Nxe6 Qxe6 21. Rb1 b5 22. Nxc5 Bxc5 23. b4 Bb6 24. bxa5 Bxa5 25. Re2 Bc3 26. Rxb5 Qa6 27. a4 Bxa1 28. Qxa1 Rc3 29. Rd2 Rec8 30. Rd1 h5 31. e5 Nd7 32. Bb7 Qg6 33. Bxc8 Rxc8 34. Qxd4 Nb6 35. Qe4 Qg5 36. e6 Qf6 37. exf7+ Qxf7 38. a5 Re8 39. Qf5 1-0


[Site "https://www.chess.com"]

[Event "Titled Tuesday Blitz September 14 2021"]
[White "Andreikin, Dmitry"]
[Black "Zarubitski, Viachaslau"]
[WhiteFideId "4158814"]
[BlackFideId "13509373"]
[WhiteElo "2736"]
[BlackElo "2315"]
[Result "1-0"]
[Round "05"]
[TimeControl "180+1"]
[Date "2021.09.15"]
[WhiteClock "0:00:45"]
[BlackClock "0:00:02"]

1. e4 e5 2. Nf3 Nf6 3. Nc3 Nc6 4. Bb5 Nd4 5. O-O c6 6. Bd3 Nxf3+ 7. Qxf3 d6 8. Be2 Be7 9. Qg3 O-O 10. d3 b5 11. Kh1 b4 12. Nd1 d5 13. f4 exf4 14. Bxf4 dxe4 15. Bc7 Qd7 16. Ne3 Nd5 17. Be5 f6 18. Nf5 Qxf5 19. Rxf5 Bxf5 20. Bd6 Rae8 21. Rf1 exd3 22. Bxd3 Bxd3 23. cxd3 Rf7 24. h3 Rd8 25. Bxe7 Rxe7 26. Re1 Rxe1+ 27. Qxe1 Kf7 28. Qc1 Rc8 29. Qc5 Rc7 30. Qd6 g5 31. Kh2 h5 32. h4 Kg6 33. hxg5 Kxg5 34. Kg3 Rc8 35. Qd7 Rc7 36. Qd6 Kg6 37. Kh4 Rc8 38. Qg3+ Kf7 39. Qd6 Rc7 40. Kxh5 Re7 41. d4 1-0


[Site "https://www.chess.com"]

[Event "Titled Tuesday Blitz September 14 2021"]
[White "Chigaev, Maksim"]
[Black "Abdurakhmonov, Mukhammadali"]
[WhiteFideId "4108116"]
[BlackFideId "14207346"]
[WhiteElo "2610"]
[BlackElo "2241"]
[Result "0-1"]
[Round "05"]
[TimeControl "180+1"]
[Date "2021.09.15"]
[WhiteClock "0:00:22"]
[BlackClock "0:01:14"]

1. d4 Nf6 2. c4 g6 3. Nc3 c5 4. d5 Bg7 5. e4 d6 6. h3 O-O 7. Nf3 e6 8. Bd3 Nbd7 9. dxe6 fxe6 10. O-O b6 11. e5 Nxe5 12. Nxe5 dxe5 13. Bg5 Bb7 14. Bxf6 Qxf6 15. Be4 Rad8 16. Qe2 Bxe4 17. Nxe4 Qf5 18. b3 Rd4 19. Rae1 Rfd8 20. Kh2 Bh6 21. f3 Bf4+ 22. Kh1 Rd2 23. Nxd2 Rxd2 24. Qe4 Qg5 25. Re2 Qg3 26. Kg1 Qh2+ 27. Kf2 Qg3+ 28. Kg1 Qh2+ 29. Kf2 Bg3+ 30. Ke3 Rxe2+ 31. Kxe2 Qxg2+ 32. Ke3 Bf4+ 0-1


[Site "https://www.chess.com"]

[Event "Titled Tuesday Blitz September 14 2021"]
[White "Csonka, Balazs"]
[Black "Kamsky, Gata"]
[WhiteFideId "742910"]
[BlackFideId "2000024"]
[WhiteElo "2404"]
[BlackElo "2603"]
[Result "1/2-1/2"]
[Round "05"]
[TimeControl "180+1"]
[Date "2021.09.15"]
[WhiteClock "0:00:04"]
[BlackClock "0:00:14"]

1. e4 e5 2. Nf3 Nc6 3. Bb5 a6 4. Ba4 Nf6 5. O-O Be7 6. d3 b5 7. Bb3 d6 8. a3 O-O 9. Nc3 Be6 10. Nd5 Na5 11. Nxf6+ Bxf6 12. Bxe6 fxe6 13. b4 Nc6 14. c3 Kh8 15. Be3 Nb8 16. a4 Nd7 17. axb5 axb5 18. Qb3 Qe7 19. Ra5 Rab8 20. Ra7 Rfc8 21. Rfa1 Qe8 22. Qd1 h6 23. Nd2 Qg6 24. Nb3 Nf8 25. Na5 Qe8 26. Qg4 Ra8 27. Nb3 Rxa7 28. Rxa7 Qc6 29. Bd2 Ra8 30. Rxa8 Qxa8 31. Na5 c5 32. Qh5 Kg8 33. g3 d5 34. Qe2 c4 35. f3 Nd7 36. Kg2 Bd8 37. exd5 exd5 38. dxc4 bxc4 39. Nxc4 dxc4 40. Qxc4+ Kh8 41. Qe6 Nf6 42. Qxe5 Qa2 43. Qe2 Be7 44. Kf1 Bd6 45. Be1 Qb1 46. b5 Bc5 47. c4 Qb3 48. Kg2 Qb1 49. Bf2 Bxf2 50. Kxf2 Qb4 51. Kg2 Kg8 52. Qe6+ Kh8 53. Qc8+ Kh7 54. Qf5+ Kh8 55. Qc8+ Kh7 56. Qf5+ Kh8 57. Qc8+ 1/2-1/2


[Site "https://www.chess.com"]

[Event "Titled Tuesday Blitz September 14 2021"]
[White "De Silva, L M S T"]
[Black "Tabatabaei, M. Amin"]
[WhiteFideId "9953698"]
[BlackFideId "12521213"]
[WhiteElo "1621"]
[BlackElo "2555"]
[Result "1-0"]
[Round "05"]
[TimeControl "180+1"]
[Date "2021.09.15"]
[WhiteClock "0:00:31"]
[BlackClock "0:00:38"]

1. Nf3 f5 2. b3 Nf6 3. Bb2 e6 4. e3 d5 5. Be2 Bd6 6. O-O O-O 7. Ne5 c6 8. f4 Nbd7 9. d3 Qc7 10. Nxd7 Bxd7 11. Bxf6 Rxf6 12. d4 g5 13. g3 gxf4 14. gxf4 Kh8 15. Kh1 c5 16. c3 Rg8 17. Qd2 Rfg6 18. Bf3 Qd8 19. Qf2 Qe7 20. Nd2 Qg7 21. Rg1 Qh6 22. Rxg6 hxg6 23. Rg1 g5 24. fxg5 Rxg5 25. Nf1 Bb5 26. Rxg5 Qxg5 27. Bg2 Bd3 28. Ng3 b5 29. Bf1 Bxg3 30. hxg3 Bxf1 31. Qxf1 Qxg3 32. dxc5 Qxe3 33. Qxb5 Qf3+ 34. Kg1 Qg3+ 35. Kf1 Qh3+ 36. Kg1 Qe3+ 37. Kf1 f4 38. c6 f3 39. Qb8+ Kh7 40. Qh2+ Kg6 41. Qg1+ 1-0


[Site "https://www.chess.com"]

[Event "Titled Tuesday Blitz September 14 2021"]
[White "Deac, Bogdan-Daniel"]
[Black "Yuan, Qingyu"]
[WhiteFideId "1226380"]
[BlackFideId "8609772"]
[WhiteElo "2605"]
[BlackElo "2359"]
[Result "1-0"]
[Round "05"]
[TimeControl "180+1"]
[Date "2021.09.15"]
[WhiteClock "0:00:05"]
[BlackClock "0:00:02"]

1. b3 e5 2. Bb2 Nc6 3. Nf3 e4 4. Nd4 Nxd4 5. Bxd4 d5 6. e3 Nf6 7. c4 c6 8. Nc3 Be7 9. cxd5 cxd5 10. Be2 O-O 11. O-O Be6 12. f3 exf3 13. Bxf3 a6 14. Qe1 Qd6 15. Ne2 Rac8 16. Nf4 Ne4 17. d3 Ng5 18. Qg3 Nxf3+ 19. Rxf3 f6 20. Qh4 Bf5 21. Qh5 g6 22. Rg3 Qd7 23. Rf1 Bd6 24. Qd1 Bxf4 25. Rxf4 Rc6 26. h3 Rfc8 27. Kh2 h6 28. Qf3 Kh7 29. e4 dxe4 30. dxe4 Be6 31. Bxf6 Bf7 32. Rh4 h5 33. Rxh5+ gxh5 34. Rg7+ Kh8 35. Rxf7+ Kg8 36. Rxd7 Rxf6 37. Qxf6 1-0


[Site "https://www.chess.com"]

[Event "Titled Tuesday Blitz September 14 2021"]
[White "Eljanov, Pavel"]
[Black "Sargsyan, Anna M."]
[WhiteFideId "14102951"]
[BlackFideId "13308130"]
[WhiteElo "2602"]
[BlackElo "2263"]
[Result "1-0"]
[Round "05"]
[TimeControl "180+1"]
[Date "2021.09.15"]
[WhiteClock "0:00:51"]
[BlackClock "0:00:02"]

1. c4 c6 2. Nf3 d5 3. g3 Nf6 4. Bg2 g6 5. b3 Bg7 6. Bb2 O-O 7. O-O Re8 8. d4 Bf5 9. Nc3 h6 10. e3 Ne4 11. Qe2 g5 12. Rac1 e6 13. Rfd1 Nd7 14. Nxe4 Bxe4 15. Bh3 Qf6 16. Nd2 Bf5 17. Bg2 Qg6 18. e4 Bxe4 19. Nxe4 dxe4 20. Bxe4 f5 21. Bg2 Rad8 22. b4 e5 23. d5 e4 24. dxc6 Qxc6 25. Rd5 Ne5 26. Bxe5 Bxe5 27. Rxd8 Rxd8 28. g4 Bf4 29. Rc2 Qd6 30. gxf5 Qd1+ 31. Bf1 Kg7 32. Qxe4 Qg4+ 33. Qg2 Qxf5 34. Re2 Rd7 35. h3 Rf7 36. Qg4 Qxg4+ 37. hxg4 Rd7 38. Bg2 Kf6 39. c5 Rd1+ 40. Bf1 Rb1 41. Re4 Rb2 42. a4 Ra2 43. a5 Rb2 44. b5 Be5 45. b6 axb6 46. axb6 Rd2 47. Rc4 Bd4 48. c6 Bxf2+ 49. Kh1 bxc6 50. Rxc6+ Ke5 51. b7 Rb2 52. Rc2 Rxb7 53. Rxf2 Rb4 54. Be2 Ke4 55. Kg2 Ke3 56. Bf3 Rd4 57. Re2+ Kd3 58. Re6 Rb4 59. Rxh6 Ke3 60. Kg3 Rb1 61. Re6+ Kd4 62. Re4+ Kc3 63. Re5 Rg1+ 64. Kf2 Ra1 65. Rxg5 Ra2+ 66. Ke3 1-0


[Site "https://www.chess.com"]

[Event "Titled Tuesday Blitz September 14 2021"]
[White "Grischuk, Alexander"]
[Black "Ibrahimli, Murad"]
[WhiteFideId "4126025"]
[BlackFideId "13410229"]
[WhiteElo "2757"]
[BlackElo "2109"]
[Result "1-0"]
[Round "05"]
[TimeControl "180+1"]
[Date "2021.09.15"]
[WhiteClock "0:00:46"]
[BlackClock "0:00:54"]

1. e4 c5 2. Nc3 Nc6 3. Nf3 e6 4. d4 cxd4 5. Nxd4 a6 6. Bf4 Nge7 7. Ndb5 axb5 8. Nxb5 d5 9. Bc7 Qd7 10. Nd6+ Qxd6 11. Bxd6 dxe4 12. Bb5 Bd7 13. O-O Nf5 14. Bxf8 Rxf8 15. c3 Ke7 16. Qg4 Ne5 17. Qe2 Bxb5 18. Qxb5 Kf6 19. Rae1 Rxa2 20. Rxe4 Ng6 21. Ra4 Rxa4 22. Qxa4 Rd8 23. Rd1 b5 24. Qb3 Rb8 25. c4 b4 26. c5 Nge7 27. Qf3 h5 28. Qxh5 Rc8 29. Qf3 Ng6 30. g4 Ne5 31. Qb7 Rxc5 32. gxf5 Kxf5 33. Qxb4 Rc4 34. Qb3 Rg4+ 35. Kf1 1-0


[Site "https://www.chess.com"]

[Event "Titled Tuesday Blitz September 14 2021"]
[White "Gupta, Abhijeet"]
[Black "Rodriguez Hernandez, Luis Daniel"]
[WhiteFideId "5010608"]
[BlackFideId "3506770"]
[WhiteElo "2549"]
[BlackElo "2133"]
[Result "0-1"]
[Round "05"]
[TimeControl "180+1"]
[Date "2021.09.15"]
[WhiteClock "0:00:03"]
[BlackClock "0:00:10"]

1. Nf3 Nf6 2. g3 g6 3. Bg2 Bg7 4. b3 O-O 5. Bb2 d6 6. d4 c5 7. c4 Qa5+ 8. Bc3 Qc7 9. Nbd2 cxd4 10. Bxd4 e5 11. Bb2 Nc6 12. O-O Bf5 13. Nh4 Be6 14. Ne4 Rfd8 15. Rc1 Nxe4 16. Bxe4 Ne7 17. Ng2 f5 18. Bd5 Bxd5 19. cxd5 Qa5 20. Ne3 Qxa2 21. Nc4 Qa6 22. f4 Qb5 23. fxe5 Nxd5 24. exd6 Bxb2 25. Nxb2 Ne3 26. Qd4 Nxf1 27. Kxf1 Qb6 28. Qd5+ Kg7 29. Nc4 Qxb3 30. Qe5+ Kh6 31. Qf4+ Kg7 32. Qe5+ Kh6 33. Rc3 Qb1+ 34. Kf2 Qe4 35. Qf6 Re8 36. Re3 Qxc4 37. Re7 Rxe7 38. dxe7 Qc5+ 39. e3 Re8 40. Qh4+ Kg7 41. g4 Qxe7 0-1


[Site "https://www.chess.com"]

[Event "Titled Tuesday Blitz September 14 2021"]
[White "Hansen, Eric"]
[Black "Bryakin, Mikhail"]
[WhiteFideId "2606771"]
[BlackFideId "4165314"]
[WhiteElo "2568"]
[BlackElo "2313"]
[Result "1-0"]
[Round "05"]
[TimeControl "180+1"]
[Date "2021.09.15"]
[WhiteClock "0:00:29"]
[BlackClock "0:01:10"]

1. Nf3 d5 2. g3 e6 3. Bg2 Nf6 4. O-O Be7 5. d3 O-O 6. Nbd2 b6 7. e4 Bb7 8. e5 Nfd7 9. Re1 c5 10. Nf1 d4 11. h4 Qc8 12. h5 Bd5 13. c4 dxc3 14. bxc3 Qb7 15. a4 Na6 16. Ne3 Bc6 17. Nc4 Nc7 18. h6 g6 19. Nd6 Bxd6 20. exd6 Nd5 21. Bb2 Rfe8 22. Qd2 f6 23. a5 b5 24. a6 Qb6 25. Nh2 f5 26. c4 N5f6 27. Bxf6 Nxf6 28. Qb2 Kf7 29. cxb5 Bxg2 30. Kxg2 Qxd6 31. Nf3 Rab8 32. Ng5+ 1-0


[Site "https://www.chess.com"]

[Event "Titled Tuesday Blitz September 14 2021"]
[White "Harshavardhan G B"]
[Black "Sarana, Alexey"]
[WhiteFideId "25059009"]
[BlackFideId "24133795"]
[WhiteElo "1825"]
[BlackElo "2671"]
[Result "0-1"]
[Round "05"]
[TimeControl "180+1"]
[Date "2021.09.15"]
[WhiteClock "0:00:01"]
[BlackClock "0:00:45"]

1. d4 Nf6 2. c4 e6 3. Nc3 Bb4 4. f3 d5 5. a3 Be7 6. e4 dxc4 7. Bxc4 c5 8. Nge2 O-O 9. Be3 Nc6 10. O-O cxd4 11. Nxd4 Bc5 12. Nc2 Qb6 13. Qe2 Rd8 14. Rad1 Bxe3+ 15. Nxe3 Bd7 16. Kh1 Ne5 17. Ba2 Bc6 18. f4 Ng6 19. f5 exf5 20. Nxf5 Ne5 21. Nd5 Bxd5 22. exd5 Re8 23. d6 Ng6 24. Qc4 Ne5 25. Qh4 Qxb2 26. Nxg7 Ng6 27. Qxf6 Qxf6 28. Rxf6 Kxg7 29. Rxf7+ Kh6 30. Rxb7 Rad8 31. g3 a5 32. Rd2 Re3 33. Rb3 Re1+ 34. Kg2 Ne5 35. Rc3 Ng4 36. h3 Nf6 37. Rf3 Ne4 38. Rc2 Rxd6 39. Rf4 Re3 40. Bc4 Rxg3+ 41. Kh2 Re3 42. Bf7 Ng5 43. Rh4+ Kg7 44. Rg2 h6 45. Ba2 Rdd3 46. a4 Ra3 0-1


[Site "https://www.chess.com"]

[Event "Titled Tuesday Blitz September 14 2021"]
[White "Jobava, Baadur"]
[Black "Demchenko, Anton"]
[WhiteFideId "13601520"]
[BlackFideId "4160258"]
[WhiteElo "2731"]
[BlackElo "2583"]
[Result "1-0"]
[Round "05"]
[TimeControl "180+1"]
[Date "2021.09.15"]
[WhiteClock "0:00:09"]
[BlackClock "0:00:07"]

1. e4 e5 2. Nf3 Nc6 3. d4 exd4 4. Nxd4 Bc5 5. Nb3 Bb6 6. Nc3 d6 7. a4 a6 8. Bd3 Nge7 9. O-O O-O 10. Bg5 f6 11. Bh4 Kh8 12. a5 Ba7 13. Kh1 Ng6 14. Bg3 f5 15. f4 Nb4 16. exf5 Nh4 17. f6 Qxf6 18. Ne4 Qh6 19. Ng5 Nf5 20. Bf2 Bxf2 21. Rxf2 Nxd3 22. Qxd3 Qf6 23. g4 h6 24. Ne4 Qh4 25. gxf5 Bxf5 26. Re2 Qxf4 27. Nbd2 Rae8 28. Rae1 Re5 29. Rf1 Qh4 30. Ref2 d5 31. Qd4 Rxe4 32. Qxd5 Rd4 33. Qc5 Rxd2 34. Qxf8+ 1-0


[Site "https://www.chess.com"]

[Event "Titled Tuesday Blitz September 14 2021"]
[White "Jones, Gawain C B"]
[Black "Nakamura, Hikaru"]
[WhiteFideId "409561"]
[BlackFideId "2016192"]
[WhiteElo "2657"]
[BlackElo "2884"]
[Result "0-1"]
[Round "05"]
[TimeControl "180+1"]
[Date "2021.09.15"]
[WhiteClock "0:00:03"]
[BlackClock "0:00:18"]

1. Nf3 d5 2. g3 g6 3. c4 dxc4 4. Na3 Bg7 5. Nxc4 Nc6 6. Bg2 e5 7. d3 Nge7 8. Bd2 O-O 9. Qc1 Be6 10. h4 h5 11. O-O a5 12. Bc3 f6 13. Rd1 Nf5 14. e4 Bh6 15. Qc2 Nfd4 16. Nxd4 Nxd4 17. Bxd4 Qxd4 18. Nd2 Bxd2 19. Rxd2 c5 20. Rc1 b6 21. Qc3 Rfd8 22. Bf1 a4 23. a3 Bg4 24. Kg2 Kg7 25. Qxd4 Rxd4 26. f3 Be6 27. Kf2 Rad8 28. Ke3 f5 29. Rc3 Kf6 30. Rf2 Bd7 31. Be2 Bc6 32. Rf1 Bb5 33. Rf2 Ba6 34. Rg2 Rc8 35. Rf2 Bb7 36. Rg2 b5 37. Rf2 c4 38. exf5 gxf5 39. f4 Rg8 40. fxe5+ Kxe5 0-1


[Site "https://www.chess.com"]

[Event "Titled Tuesday Blitz September 14 2021"]
[White "Kezin, Roman"]
[Black "Bluebaum, Matthias"]
[WhiteFideId "24124621"]
[BlackFideId "24651516"]
[WhiteElo "2570"]
[BlackElo "2681"]
[Result "0-1"]
[Round "05"]
[TimeControl "180+1"]
[Date "2021.09.15"]
[WhiteClock "0:00:01"]
[BlackClock "0:00:09"]

1. d4 d5 2. c4 e6 3. Nf3 Nf6 4. g3 Be7 5. Bg2 O-O 6. O-O dxc4 7. Qc2 c6 8. a4 b6 9. Nbd2 Bb7 10. Nxc4 c5 11. Rd1 Qc8 12. Bf4 cxd4 13. Rac1 Rd8 14. Rxd4 Rxd4 15. Nxd4 Bxg2 16. Kxg2 Qb7+ 17. Kg1 Nbd7 18. Nd6 Qd5 19. Qc6 e5 20. N6f5 Bf8 21. e4 Qxc6 22. Nxc6 exf4 23. e5 Ne4 24. gxf4 Ndc5 25. Rc4 g6 26. Nfd4 a6 27. b4 Nd3 28. f3 Nd2 29. Rc3 Nxb4 30. Kg2 Nd5 31. Rb3 Nxf4+ 32. Kg3 Nh5+ 33. Kf2 Nc4 34. Rc3 b5 35. axb5 axb5 36. Nxb5 Ra2+ 37. Kf1 Nd2+ 38. Kg1 Nf4 39. Nbd4 Kg7 40. e6 fxe6 41. Nd8 Kf6 42. Rc7 Bd6 43. Rf7+ Kg5 44. N8xe6+ Nxe6 45. Nxe6+ Kh6 46. h4 Ra6 47. Ng5 Ra7 0-1


[Site "https://www.chess.com"]

[Event "Titled Tuesday Blitz September 14 2021"]
[White "Khusnutdinov, Rustam"]
[Black "Mitrabha, Guha"]
[WhiteFideId "13701703"]
[BlackFideId "5057000"]
[WhiteElo "2571"]
[BlackElo "2334"]
[Result "1-0"]
[Round "05"]
[TimeControl "180+1"]
[Date "2021.09.15"]
[WhiteClock "0:00:48"]
[BlackClock "0:01:24"]

1. e4 c6 2. d4 d5 3. exd5 cxd5 4. Bd3 Nc6 5. c3 Nf6 6. Ne2 Bg4 7. O-O e6 8. Qe1 Bd6 9. f3 Bh5 10. Qh4 O-O 11. Bg5 Bg6 12. Bxg6 hxg6 13. Nd2 Be7 14. Nf4 Nh7 15. Bxe7 Qxe7 16. Qf2 b5 17. a3 a5 18. b4 Nf6 19. Rfe1 Qc7 20. Nd3 Ne7 21. Nc5 Nf5 22. Ndb3 a4 23. Nc1 Nd6 24. N1d3 Nc4 25. Ne5 Nxe5 26. Rxe5 Nd7 27. Re3 Nb6 28. f4 Nc4 29. Rh3 Qe7 30. g4 f5 31. g5 Nd6 32. Qh4 Kf7 33. Nd3 Nc4 34. Qh7 Rh8 35. Qxh8 Rxh8 36. Rxh8 Qc7 37. Re1 Ke7 38. Rh7 Kf7 39. Nc5 Kg8 40. Nxe6 Qc6 41. Rxg7+ Kh8 42. Rxg6 Nd2 43. Re3 1-0


[Site "https://www.chess.com"]

[Event "Titled Tuesday Blitz September 14 2021"]
[White "Kobalia, Mikhail"]
[Black "Nesterov, Arseniy"]
[WhiteFideId "4119150"]
[BlackFideId "24198455"]
[WhiteElo "2626"]
[BlackElo "2494"]
[Result "1-0"]
[Round "05"]
[TimeControl "180+1"]
[Date "2021.09.15"]
[WhiteClock "0:00:17"]
[BlackClock "0:00:03"]

1. e4 e5 2. Nf3 Nc6 3. Bb5 a6 4. Ba4 b5 5. Bb3 Na5 6. O-O d6 7. d4 exd4 8. Nxd4 Bb7 9. Bd2 Nxb3 10. Nxb3 Rb8 11. a4 bxa4 12. Rxa4 Nf6 13. Nc3 Be7 14. Nd4 O-O 15. Nf5 Qd7 16. Qf3 Bd8 17. Qg3 g6 18. Rd4 Qe6 19. Bh6 Nh5 20. Qf3 Re8 21. Ne3 Bf6 22. Ra4 Bxc3 23. bxc3 Bxe4 24. Qe2 Bc6 25. Rb4 Bb5 26. c4 Bc6 27. Rxb8 Rxb8 28. c5 Bb5 29. c4 Bc6 30. cxd6 cxd6 31. Qa2 Ra8 32. Rd1 Nf6 33. Qa1 Ne8 34. h3 f6 35. Re1 Qf7 36. Qa5 Qc7 37. Qa3 a5 38. c5 d5 39. Nc2 a4 40. Nd4 Qd7 41. Re6 Rc8 42. Qe3 Nc7 43. Re7 a3 44. Rxd7 Bxd7 45. Qe7 Ne8 46. Qf8# 1-0


[Site "https://www.chess.com"]

[Event "Titled Tuesday Blitz September 14 2021"]
[White "Kovalev, Vladislav"]
[Black "Hjartarson, Johann"]
[WhiteFideId "13504398"]
[BlackFideId "2300044"]
[WhiteElo "2573"]
[BlackElo "2502"]
[Result "1-0"]
[Round "05"]
[TimeControl "180+1"]
[Date "2021.09.15"]
[WhiteClock "0:02:03"]
[BlackClock "0:01:24"]

1. e4 c5 2. Be2 Nc6 3. d3 g6 4. f4 Bg7 5. Nf3 d6 6. O-O Nf6 7. c3 O-O 8. Kh1 Rb8 9. Be3 b5 10. a3 a5 11. Nbd2 b4 12. axb4 axb4 13. d4 bxc3 14. bxc3 cxd4 15. cxd4 d5 16. e5 Ne4 17. Nxe4 dxe4 18. Ng5 f5 19. Bc4+ Kh8 20. Nf7+ Rxf7 21. Bxf7 Nb4 22. Rb1 Ba6 23. Rf2 Nd3 24. Ra2 Rxb1 25. Qxb1 Qc8 26. Rxa6 1-0


[Site "https://www.chess.com"]

[Event "Titled Tuesday Blitz September 14 2021"]
[White "Lashkin, Jegor"]
[Black "Perez Gormaz, Matias"]
[WhiteFideId "13907808"]
[BlackFideId "3406342"]
[WhiteElo "2293"]
[BlackElo "2352"]
[Result "1-0"]
[Round "05"]
[TimeControl "180+1"]
[Date "2021.09.15"]
[WhiteClock "0:00:47"]
[BlackClock "0:00:02"]

1. d4 Nf6 2. c4 e6 3. Nf3 d5 4. Nc3 Be7 5. Bf4 O-O 6. e3 b6 7. Bd3 dxc4 8. Bxc4 Ba6 9. Bxa6 Nxa6 10. Qa4 Qc8 11. O-O c5 12. Nb5 Rd8 13. Rac1 Qb7 14. a3 cxd4 15. exd4 Nd5 16. Be5 Rac8 17. h3 h6 18. Bg3 Bf8 19. Ne5 Be7 20. Nc4 Rc6 21. Nxa7 Rxc4 22. Qxc4 Qxa7 23. Qb5 Qb7 24. Rc2 Nac7 25. Qc4 b5 26. Qe2 b4 27. Qf3 Nb5 28. Rd1 bxa3 29. bxa3 Rc8 30. Rb2 Qa6 31. Qd3 Ndc3 32. Re1 Qc6 33. d5 Qxd5 34. Qxd5 exd5 35. Rxe7 Nxa3 36. Rbb7 Rf8 37. Be5 Ne4 38. f3 Nc5 39. Ra7 Nc4 40. Bd4 Nb3 41. Bf2 Nbd2 42. Red7 Nb3 43. Rxd5 Rc8 44. Rdd7 Rf8 45. Rac7 Ne5 46. Rd5 Ng6 47. Rb5 Na1 48. Bd4 Ra8 49. Rc1 Nf4 50. Rxa1 Rd8 51. Be3 Ne2+ 52. Kh2 Nc3 53. Rba5 Re8 54. Ra8 Rxa8 55. Rxa8+ Kh7 56. Ra7 1-0


[Site "https://www.chess.com"]

[Event "Titled Tuesday Blitz September 14 2021"]
[White "Liyanage, Ranindu Dilshan"]
[Black "Keymer, Vincent"]
[WhiteFideId "9915834"]
[BlackFideId "12940690"]
[WhiteElo "1839"]
[BlackElo "2524"]
[Result "0-1"]
[Round "05"]
[TimeControl "180+1"]
[Date "2021.09.15"]
[WhiteClock "0:00:05"]
[BlackClock "0:00:09"]

1. e4 c6 2. d4 d5 3. e5 Bf5 4. h4 h5 5. c4 e6 6. Nc3 dxc4 7. Bxc4 Nd7 8. Nge2 Be7 9. Ng3 Bg6 10. Nge4 Nh6 11. Bg5 Nf5 12. Qd2 Nb6 13. Bd3 Qxd4 14. Bxe7 Kxe7 15. Qg5+ Kf8 16. O-O-O Qd8 17. Qf4 Nd5 18. Nxd5 cxd5 19. Ng5 Qa5 20. Kb1 Ke7 21. f3 Raf8 22. Ka1 Qb6 23. Rc1 Rc8 24. g4 Qd4 25. Qd2 Ne3 26. Qa5 Qb6 27. Qa3+ Kd7 28. Rhe1 Rxc1+ 29. Rxc1 Bxd3 30. Qxd3 Rc8 31. Rxc8 Kxc8 32. Nxf7 Qc5 33. Qc3 Qxc3 34. bxc3 hxg4 35. fxg4 Nxg4 36. Ng5 Kd7 37. Nf3 Nh6 38. Kb2 Nf5 39. Kc2 b5 40. Kd3 a6 41. h5 Ng3 42. h6 gxh6 43. Nh4 Nf5 44. Ng6 h5 45. Nf4 h4 46. Nh3 Ne7 47. Nf4 Nc6 48. Ng6 h3 0-1


[Site "https://www.chess.com"]